 Dungeon Crawl Stone Soup version 0.27-a0-1273-gec92ba881d (webtiles) character file.

Game seed: 6168267581013039829

9798 bjtr the Fighter (level 11, 0/68 HPs)
             Began as a Gargoyle Hedge Wizard on June 10, 2021.
             Was a Priest of Vehumet.
             Slain by a boulder beetle (8 damage)
             ... on level 11 of the Dungeon on June 12, 2021.
             The game lasted 01:09:29 (13534 turns).

bjtr the Fighter (Gargoyle Hedge Wizard)           Turns: 13534, Time: 01:09:30

Health: 0/68       AC: 18    Str: 14    XL:     11   Next: 52%
Magic:  11/21      EV: 15    Int: 18    God:    Vehumet [***...]
Gold:   643        SH:  0    Dex: 21    Spells: 9/24 levels left

rFire    . . .     SeeInvis .   a - +5 quarterstaff (freeze)
rCold    . . .     Faith    .   (shield currently unavailable)
rNeg     + . .     Spirit   .   L - +0 steam dragon scales
rPois    ∞         Reflect  .   c - +1 hat
rElec    +         Harm     .   p - +0 cloak
rCorr    .         Rampage  .   S - +0 pair of gloves
Will     +....                  (no boots)
Stlth    ++++......             (no amulet)
HPRegen  0.21/turn              j - +6 ring of dexterity
MPRegen  0.17/turn              C - ring of Ynidd {Will+ Dex+6}

@: no status effects
A: sickness immunity, AC +8, negative energy resistance 1, electricity
resistance, torment resistance 1, petrification resistance
a: Renounce Religion


You were on level 11 of the Dungeon.
You worshipped Vehumet.
Vehumet was most pleased with you.
You visited 2 branches of the dungeon, and saw 12 of its levels.

You collected 721 gold pieces.
You spent 78 gold pieces at shops.

Inventory:

Hand Weapons
 a - a +5 quarterstaff of freezing (weapon)
 b - the +8 longbow "Zephyr" {speed, Dex+3 SInv}
   (You found it on level 8 of the Dungeon)

   Attacks with this weapon are significantly faster.
   It affects your dexterity (+3).
   It lets you see invisible.
 o - a +2 short sword of draining
 E - a +2 mace of venom
 H - a +5 halberd
 J - a +0 dagger of speed
 P - a +0 vampiric scimitar
 R - a +2 quarterstaff of speed
 W - a +0 broad axe
 X - a +0 morningstar
 Y - a +2 vorpal long sword
Missiles
 A - 30 poisoned darts
 K - 2 curare-tipped darts
 N - 61 arrows
 U - a throwing net
Armour
 c - a +1 hat (worn)
 h - a +2 robe of positive energy
 p - a +0 cloak (worn)
 q - a +0 buckler
 v - a +3 leather armour
 L - +0 steam dragon scales (worn)
 S - a +0 pair of gloves (worn)
Magical Staves
 I - a staff of poison
Jewellery
 i - a ring of flight
 j - a +6 ring of dexterity (left hand)
 C - the ring of Ynidd (right hand) {Will+ Dex+6}
   (You acquired it on level 7 of the Dungeon)

   [ring of willpower]

   It affects your dexterity (+6).
   It increases your willpower.
 O - an amulet of faith
 Q - a ring of see invisible
Wands
 r - a wand of digging (5)
 x - a wand of acid (7)
 V - a wand of iceblast (7)
Scrolls
 n - a scroll of amnesia
 y - 2 scrolls of identify
 D - a scroll of fear
Potions
 d - a potion of might
 m - 2 potions of berserk rage
 t - 2 potions of brilliance
 B - 3 potions of curing
 G - a potion of heal wounds
 Z - a potion of flight
Miscellaneous
 M - a box of beasts
 T - a condenser vane


   Skills:
 + Level 8.1 Fighting
 + Level 7.4 Armour
 + Level 5.4 Dodging
 + Level 6.6 Stealth
 + Level 1.1 Shields
 * Level 7.0 Spellcasting
 * Level 8.1 Conjurations
 * Level 1.1 Hexes
 + Level 3.6 Summonings
 + Level 1.5 Translocations
 + Level 2.5 Air Magic
 + Level 3.0 Poison Magic


You had 9 spell levels left.
You knew the following spells:

 Your Spells              Type           Power      Damage    Failure   Level
a - Magic Dart            Conj           100%       1d8       1%          1
b - Blink                 Tloc           N/A        N/A       9%          2
c - Call Imp              Summ           19%        N/A       3%          2
d - Mephitic Cloud        Conj/Pois/Air  22%        N/A       1%          3
e - Inner Flame           Hex/Fire       8%         N/A       7%          3
f - Olgreb's Toxic Radia  Pois           17%        N/A       9%          4

Your spell library contained the following spells:

 Spells                   Type           Power      Damage    Failure   Level
 Conjure Flame            Conj/Fire      20%        6-21      1%          3
 Summon Small Mammal      Summ           76%        N/A       2%          1
 Corona                   Hex            11%        N/A       7%          1
 Call Canine Familiar     Summ           19%        N/A       7%          3
 Slow                     Hex            10%        N/A       10%         2
 Summon Guardian Golem    Hex/Summ       15%        N/A       12%         3
 Portal Projectile        Hex/Tloc       22%        N/A       19%         3
 Summon Lightning Spire   Summ/Air       17%        N/A       30%         4
 Summon Ice Beast         Ice/Summ       12%        N/A       45%         4
 Cause Fear               Hex            5%         N/A       54%         4
 Leda's Liquefaction      Hex/Erth       4%         N/A       63%         4


Dungeon Overview and Level Annotations

Branches:
Dungeon (11/15)            Temple (1/1) D:5            Lair (0/6) D:8
    Orc: D:9-12

Altars:
Ashenzari
Cheibriados
Dithmenos
Elyvilon
Fedhas
Gozag
Hepliaklqana
Kikubaaqudgha
Makhleb
Nemelex Xobeh
Okawaru
Qazlal
Ru
Sif Muna
Trog
Uskayaw
Vehumet
Wu Jian
Xom
Yredelemnul
Zin
The Shining One

Shops:
D:7 ?   D:8 :


Innate Abilities, Weirdness & Mutations

You are immune to sickness and miasma.
Your stone body is resilient. (AC +8)
You are immune to poison.
You resist negative energy. (rN+)
You are resistant to electric shocks. (rElec)
You are resistant to unholy torment.
You are immune to petrification.


Message History

Your magical contamination has completely faded away.
Fire: 64 arrows
Press: ? - help, Q - select action, (/) - cycle Shift-Dir - straight line, f - boulder beetle
Aim: a boulder beetle (92% to hit)
You shoot an arrow.
The arrow hits the boulder beetle but does no damage.
The boulder beetle leaps!
You start resting.
A boulder beetle is nearby!
Fire: 63 arrows
Press: ? - help, Q - select action, (/) - cycle Shift-Dir - straight line, f/p - boulder beetle
Aim: a boulder beetle (92% to hit)
You shoot an arrow. The arrow hits the boulder beetle!
The boulder beetle is lightly wounded.
Fire: 62 arrows
Press: ? - help, Q - select action, (/) - cycle Shift-Dir - straight line, f/p - boulder beetle
Aim: a boulder beetle (lightly wounded, 92% to hit)
You shoot an arrow. The arrow hits the boulder beetle!
The boulder beetle is moderately wounded.
The boulder beetle curls into a ball and begins rolling!
Your +5 quarterstaff of freezing glows with a cold blue light!
a - a +5 quarterstaff of freezing (weapon)
The boulder beetle hits you!!!
Ouch! That really hurt!
* * * LOW HITPOINT WARNING * * *
The boulder beetle stops rolling and uncurls.
Casting: Olgreb's Toxic Radiance (dangerous; 9% risk of failure)
Confirm with . or Enter, or press ? or * to list all spells.
You blink.
Casting: Blink (safe; 9% risk of failure)
Confirm with . or Enter, or press ? or * to list all spells.
You blink.
The boulder beetle curls into a ball and begins rolling!
Casting: Blink (safe; 9% risk of failure)
Confirm with . or Enter, or press ? or * to list all spells.
You blink.
Casting: Blink (safe; 9% risk of failure)
Confirm with . or Enter, or press ? or * to list all spells.
You blink.
The boulder beetle hits you!
You die...

###########################
...........................
.....................###...
#..............# #...
#.######.#####.# #<..
#........# #.# #...
#)..@....# #.# #...
#....B...# #.# #...
#<....○§.# #.# #...
#(#####..# #.# #...
#(#####..#####.# #...
#..............# #...
#..............#
#.......#####..# #..###..#
..


You could see a boulder beetle (rolling).

Vanquished Creatures
  A rakshasa (D:11)
  A two-headed ogre (D:8)
  A deep elf pyromancer (D:8)
  A manticore (D:8)
  A cyclops (D:8)
  Joseph (D:8)
  3 kobold demonologists (D:10)
  A tengu conjurer (D:8)
  A troll (D:8)
  2 hornets
  A slime creature (D:8)
  9 yaks
  A wyvern (D:9)
  4 steam dragons
  A water moccasin (D:8)
  3 orc warriors
  A black bear (D:7)
  2 hornet zombies
  An ice beast (D:6)
  A sky beast (D:8)
  A necrophage (D:4)
  2 ogres
  3 centaurs
  6 kobold brigands
  7 bullfrogs
  4 scorpions
  4 killer bees (D:8)
  A wight (D:8)
  5 howler monkeys
  A vampire bat (D:9)
  A lava snake (D:9)
  6 centaur zombies
  2 jellies
  A centaur skeleton (D:7)
  A gnoll shaman (D:8)
  2 hounds (D:5)
  6 orc priests
  11 orc wizards
  A howler monkey skeleton (D:7)
  10 adders
  A worm (D:2)
  4 dart slugs
  16 orcs
  14 bats
  2 endoplasms
  7 giant cockroaches
  7 goblins
  A hobgoblin (D:2)
  4 jackals (D:3)
  2 quokkas
  5 ball pythons
  4 frilled lizards
  17 kobolds
  5 rats
201 creatures vanquished.

Vanquished Creatures (collateral kills)
  A kobold brigand (D:10)
  Crazy Yiuf (D:3)
  Terence (D:2)
  A kobold (D:3)
4 creatures vanquished.

Vanquished Creatures (others)
  6 plants (D:4)
6 creatures vanquished.

Grand Total: 211 creatures vanquished

Notes
Turn   | Place    | Note
-------+----------+-------------------------------------------
     0 | D:1      | bjtr the Gargoyle Hedge Wizard began the quest for the Orb.
     0 | D:1      | Reached XP level 1. HP: 10/10 MP: 4/4
   386 | D:1      | Reached XP level 2. HP: 12/15 MP: 6/6
   564 | D:1      | Found a faded altar of an unknown god.
   822 | D:2      | Reached XP level 3. HP: 3/19 MP: 2/8
  1269 | D:2      | Learned a level 2 spell: Blink
  1468 | D:2      | Reached XP level 4. HP: 16/24 MP: 7/10
  2490 | D:2      | Noticed Terence
  2495 | D:2      | Learned a level 2 spell: Call Imp
  2515 | D:2      | Killed Terence
  2634 | D:2      | Upgraded the game from 0.27-a0-1245-g940ed4fa31 to
                  | 0.27-a0-1256-gced786f65e
  3123 | D:3      | Reached skill level 1 in Fighting
  3220 | D:3      | Learned a level 3 spell: Mephitic Cloud
  3376 | D:3      | Reached skill level 1 in Armour
  3376 | D:3      | Reached skill level 1 in Shields
  3376 | D:3      | Reached skill level 1 in Summonings
  3376 | D:3      | Reached XP level 5. HP: 13/29 MP: 3/11
  3716 | D:3      | Found a runed translucent door.
  3717 | D:3      | Noticed Crazy Yiuf
  3725 | D:3      | Killed Crazy Yiuf
  4131 | D:4      | Reached XP level 6. HP: 33/35 MP: 12/12
  4159 | D:4      | Noticed a necrophage
  4166 | D:4      | Killed a necrophage
  4167 | D:4      | Reached skill level 1 in Translocations
  4792 | D:5      | Entered Level 5 of the Dungeon
  5001 | D:5      | Reached XP level 7. HP: 32/40 MP: 13/13
  5317 | D:5      | Found an iron altar of Okawaru.
  6078 | D:5      | Found a staircase to the Ecumenical Temple.
  6089 | Temple   | Entered the Ecumenical Temple
  6095 | Temple   | Became a worshipper of Vehumet
  6430 | D:6      | Reached XP level 8. HP: 30/46 MP: 15/15
  6713 | D:6      | Reached skill level 5 in Spellcasting
  6790 | D:6      | You are sucked into a shaft and drop 2 floors!
  6812 | D:8      | Noticed a hornet
  6843 | D:8      | Noticed a yak
  6870 | D:8      | Noticed a manticore
  7590 | D:7      | Identified a scroll of acquirement
  7590 | D:7      | Acquired the ring of Ynidd {Will+ Dex+6}
  7646 | D:7      | Found Jussant's Magic Scroll Boutique.
  7681 | D:7      | Found a sacrificial altar of Ru.
  7688 | D:7      | Reached * piety under Vehumet
  7688 | D:7      | Offered knowledge of Freeze by Vehumet.
  7747 | D:7      | Reached skill level 5 in Fighting
  7747 | D:7      | Reached XP level 9. HP: 52/54 MP: 17/17
  8329 | D:7      | Bought a scroll of identify for 26 gold pieces
  8329 | D:7      | Bought a scroll of identify for 26 gold pieces
  8329 | D:7      | Bought a scroll of identify for 26 gold pieces
  8479 | D:7      | Killed a hornet
  8480 | D:7      | Reached skill level 5 in Stealth
  8588 | D:8      | Killed a manticore
  8589 | D:8      | Reached skill level 5 in Conjurations
  9037 | D:8      | Reached skill level 5 in Armour
  9321 | D:8      | Reached skill level 1 in Poison Magic
  9729 | D:8      | Reached skill level 1 in Air Magic
  9780 | D:8      | Found a basalt altar of Yredelemnul.
  9783 | D:8      | Noticed a troll
  9824 | D:8      | Reached XP level 10. HP: 54/60 MP: 12/19
  9961 | D:8      | Offered knowledge of Sandblast by Vehumet.
 10071 | D:8      | Noticed a two-headed ogre
 10080 | D:8      | Found a stormy altar of Qazlal.
 10128 | D:8      | Reached ** piety under Vehumet
 10186 | D:8      | Found a staircase to the Lair.
 10274 | D:8      | Killed a two-headed ogre
 10673 | D:8      | Noticed a cyclops
 10674 | D:8      | Found the +8 longbow "Zephyr" {speed, Dex+3 SInv}
 10849 | D:8      | Noticed a deep elf pyromancer
 11020 | D:8      | Found Vyliqew's Book Emporium.
 11042 | D:8      | Killed a deep elf pyromancer
 11134 | D:8      | Noticed Joseph
 11143 | D:8      | Killed Joseph
 11415 | D:8      | Killed a cyclops
 11416 | D:8      | Reached XP level 11. HP: 67/67 MP: 19/21
 11533 | D:9      | Offered knowledge of Frozen Ramparts by Vehumet.
 11629 | D:9      | Upgraded the game from 0.27-a0-1256-gced786f65e to
                  | 0.27-a0-1273-gec92ba881d
 11653 | D:9      | Reached *** piety under Vehumet
 12456 | D:9      | Learned a level 3 spell: Inner Flame
 12488 | D:10     | Entered Level 10 of the Dungeon
 12759 | D:10     | Offered knowledge of Olgreb's Toxic Radiance by Vehumet.
 12767 | D:10     | Reached skill level 5 in Dodging
 12775 | D:10     | Learned a level 4 spell: Olgreb's Toxic Radiance
 13459 | D:11     | Noticed a rakshasa
 13461 | D:11     | Noticed a boulder beetle
 13506 | D:11     | Killed a rakshasa
 13507 | D:11     | Reached skill level 1 in Hexes
 13534 | D:11     | Slain by a boulder beetle

Illustrated notes

Levels and vault maps discovered:
D:1:      wander_arrival_abandoned_jail, layout_rooms,
          shapermc_ecumenical_altar_mp_vishouse
D:2:      layout_loops_ring, uniq_terence
D:3:      layout_rooms, hangedman_decor_slide_cut, minivault_5,
          minmay_close_crescents, uniq_crazy_yiuf_cottage
D:4:      layout_loops_cross, grunt_ministairs_9, serial_bayou_lagoon_a
D:5:      layout_basic, kennysheep_little_box, minmay_temple_entry_poolview
D:6:      layout_rooms
D:7:      layout_basic, nicolae_ru_great_annihilating_truth, serial_shops,
          nicolae_shop_waterfront
D:8:      minmay_the_grid_octo_tiled_octocenter [minmay_the_grid_octo_chip,
          minmay_the_grid_octo_toaster, minmay_the_grid_octo_clover_2,
          minmay_the_grid_octo_checkered,
          minmay_the_grid_octo_prize_single_spiral,
          minmay_the_grid_square_5x5_inner_z,
          minmay_the_grid_square_5x5_hourglass,
          minmay_the_grid_square_5x5_hollow_slash,
          minmay_the_grid_square_5x5_corner], layout_cave_pods,
          overflow_temple_1_default, nicolae_qazlal_general_emergency,
          lair_entry_dummy, serial_shops, shop_fountains, uniq_joseph
D:9:      layout_big_octagon, roderic_batcave
D:10:     layout_basic
D:11:     layout_small_grid, david_orc_2, uniq_fannar
Temple:   nicolae_temple_no_exploring_needed

Skill      XL: |  1  2  3  4  5  6  7  8  9 10 11 |
---------------+----------------------------------+-----
Spellcasting   | 4 5 6 7 |  7.0
Dodging        | 2 3 4 5 |  5.4
Fighting       | 1 2 3 5 6 7 8 |  8.1
Conjurations   | 2 3 4 5 7 8 |  8.1
Armour         | 1 2 4 5 6 7 |  7.4
Shields        | 1 |  1.1
Summonings     | 1 2 3 |  3.6
Translocations | 1 |  1.5
Stealth        | 3 4 5 6 |  6.6
Poison Magic   | 1 2 3 |  3.0
Air Magic      | 1 2 |  2.5
Hexes          | 1 |  1.1

Action                   |  1- 3 |  4- 6 |  7- 9 | 10-12 || total
-------------------------+-------+-------+-------+-------++-------
Melee: Dagger            |    81 |    45 |       |       ||   126
       Short sword       |       |    54 |       |       ||    54
       Quarterstaff      |       |    32 |   232 |   191 ||   455
       Mace              |       |       |     6 |     6 ||    12
 Fire: Hunting sling     |       |     2 |       |       ||     2
       Longbow           |       |       |       |    63 ||    63
 Cast: Magic Dart        |    31 |    17 |     4 |     4 ||    56
       Call Imp          |       |    13 |    16 |     1 ||    30
       Blink             |       |     2 |     4 |     4 ||    10
       Mephitic Cloud    |       |       |    12 |    23 ||    35
       Olgreb's Toxic Ra |       |       |       |     2 ||     2
  Use: Scroll            |     3 |     7 |     6 |     5 ||    21
       Potion            |       |       |     4 |       ||     4
 Stab: Sleeping          |     3 |     2 |     6 |     1 ||    12
       Distracted        |       |       |     2 |     1 ||     3
       Paralysed         |       |       |     1 |       ||     1
       Confused          |       |       |     4 |     4 ||     8
Armor: Robe              |    41 |    45 |       |       ||    86
       Leather armour    |       |     6 |   145 |    18 ||   169
       Steam dragon scal |       |       |       |   157 ||   157
Dodge: Dodged            |    64 |    94 |   215 |   252 ||   625

Table legend: (Time is in decaauts)
 A = Elapsed time spent in this place.
 B = Non-inter-level travel time spent in this place.
 C = Inter-level travel time spent in this place.
 D = Time resting spent in this place.
 E = Time spent auto-exploring this place.
 F = Levels seen in this place.
 G = Mean time per level.
                   A        B        C        D        E       F      G
               +--------+--------+--------+--------+--------+-----+--------+
         Total |  13643 |  13204 |    439 |   3474 |   7078 |  12 | 1136.9 |
       Dungeon |  13630 |  13191 |    439 |   3474 |   7078 |  11 | 1239.1 |
        Temple |     12 |     12 |      0 |      0 |      0 |   1 |   12.0 |
               +--------+--------+--------+--------+--------+-----+--------+

Top non-repeatable levels by time:
     D:8: 2841 daAuts
     D:2: 2298 daAuts
     D:7: 1558 daAuts
     D:5: 1385 daAuts
     D:3: 1214 daAuts
     D:9: 992 daAuts
     D:4: 884 daAuts
    D:10: 820 daAuts
     D:6: 773 daAuts
     D:1: 612 daAuts
    D:11: 247 daAuts
  Temple: 12 daAuts
